 Dungeon Crawl Stone Soup version 0.29-a0-284-gf9362112df (webtiles) character file.

Game seed: 9574536075330713741

98 yunder69 the Poker (level 5, -7/41 HPs)
             Began as a Human Berserker on Mar 21, 2022.
             Was a Believer of Trog.
             Killed by divine providence
             ... invoked by an orc priest
              (15 damage)
             ... on level 3 of the Dungeon.
             The game lasted 00:11:54 (3161 turns).

yunder69 the Poker (Human Berserker)                Turns: 3161, Time: 00:11:54

Health: -7/41      AC: 10    Str: 19    XL:     5   Next: 1%
Magic:  5/5        EV: 10    Int:  8    God:    Trog [**....]
Gold:   205        SH:  0    Dex: 12    Spells: 4/4 levels left

rFire   . . .      SeeInvis .   a - +0 spear
rCold   . . .      Faith    .   (no shield)
rNeg    . . .      Spirit   .   r - +0 scale mail
rPois   .          Reflect  .   (no helmet)
rElec   .          Harm     .   (no cloak)
rCorr   .          Rampage  .   (no gloves)
Will    .....                   (no boots)
Stlth   ..........              (no amulet)
HPRegen 0.13/turn               q - +4 ring of protection
MPRegen 0.09/turn               (no ring)

@: invisible
A: no striking features
a: Renounce Religion, Berserk, Trog's Hand


You were on level 3 of the Dungeon.
You worshipped Trog.
Trog was pleased with you.
You visited 1 branch of the dungeon, and saw 3 of its levels.

You collected 205 gold pieces.

Inventory:

Hand Weapons
 a - a +0 spear (weapon)
Missiles
 k - 119 stones
 t - 5 boomerangs
Armour
 r - a +0 scale mail (worn)
Jewellery
 q - a +4 ring of protection (left hand)
Scrolls
 b - a scroll of fog
 e - 6 scrolls of identify
Potions
 i - a potion of degeneration {unknown}
 j - 2 potions of magic {unknown}
 m - a potion of attraction {unknown}
 n - 2 potions of curing {unknown}
 o - a potion of mutation {unknown}


   Skills:
 + Level 3.6 Fighting
 - Level 4.2 Polearms
 - Level 2.0 Armour
 - Level 2.5 Dodging
 - Level 1.5 Stealth


You had 4 spell levels left.
You didn't know any spells.
Your spell library contained the following spells:

 Spells                   Type           Power      Damage    Failure   Level
 Alistair's Intoxication  Tmut/Pois      0%         N/A       100%        5
 Borgnjor's Vile Clutch   Necr/Erth      0%         N/A       100%        5
 Eringya's Noxious Bog    Tmut/Pois      0%         N/A       100%        6


Dungeon Overview and Level Annotations

Branches:
Dungeon (3/15)

Altars:


Message History

The orc priest closely misses you.
The orc priest invokes the aid of Beogh against you.
Pain shoots through your body!
* * * LOW HITPOINT WARNING * * *
Okay, then.
You hit the orc wizard.
The orc wizard is lightly wounded.
You feel less confused.
You hit the orc wizard but do no damage.
The orc wizard is lightly wounded.
The orc wizard hits you but does no damage.
The orc priest hits you with a +0 club.
* * * LOW HITPOINT WARNING * * *
You hit the orc wizard.
The orc wizard is moderately wounded.
The orc priest hits you but does no damage.
The orc wizard closely misses you.
You hit the orc wizard.
The orc wizard is heavily wounded.
The orc wizard gestures at you while chanting.
The puff of flame hits you but does no damage.
The orc priest hits you but does no damage.
The orc priest miscasts a cantrip.
The orc hits you but does no damage.
You closely miss the orc wizard.
The orc wizard is heavily wounded.
The orc wizard closely misses you.
The orc priest mumbles some strange prayers to Beogh against the orc priest.
The orc priest struggles to resist.
The orc barely misses you.
The orc priest shouts!
You hit the orc wizard.
The orc wizard is severely wounded.
The orc wizard hits you but does no damage.
The orc priest barely misses you. The orc hits you with a +0 hand axe.
* * * LOW HITPOINT WARNING * * *
You hit the orc wizard but do no damage.
The orc wizard is severely wounded.
The orc priest mumbles some strange prayers to Beogh against you.
Beogh smites you!
You die... ..# ..# .. .# ##.# #oo

##.# #oo# ##@##
#######o.#
#########.......##
..............###
####...##.....#
####...##.....#
......####.#######
##[....#..........
#.##..#.#...#####


You could see 2 orc priests, an orc wizard (can't see you) and 2 orcs.

Vanquished Creatures
  A jelly (D:3)
  An adder (D:3)
  3 dart slugs
  7 bats
  5 endoplasms
  2 giant cockroaches (D:2)
  2 goblins
  8 hobgoblins
  6 kobolds
  A quokka (D:1)
  5 ball pythons
  6 frilled lizards
  5 rats
52 creatures vanquished.

Notes
Turn   | Place    | Note
-------+----------+-------------------------------------------
     0 | D:1      | yunder69 the Human Berserker began the quest for the Orb.
     0 | D:1      | Reached XP level 1. HP: 18/18 MP: 1/1
   348 | D:1      | Reached XP level 2. HP: 24/24 MP: 2/2
   815 | D:1      | Reached XP level 3. HP: 26/29 MP: 3/3
  1591 | D:2      | Reached ** piety under Trog
  1895 | D:2      | Reached skill level 1 in Stealth
  1899 | D:2      | Reached XP level 4. HP: 22/35 MP: 4/4
  2534 | D:3      | Reached skill level 4 in Polearms
  3118 | D:3      | Reached XP level 5. HP: 41/41 MP: 5/5
  3161 | D:3      | Killed from afar by an orc priest

Illustrated notes

Levels and vault maps discovered:
D:1:      sevenhm_arrival_forest_fort_small_6, layout_basic,
          minmay_misc_feat_plants
D:2:      kb_forest_paths, layout_rooms
D:3:      layout_basic, shapermc_ecumenical_altar_mp_vishouse

Skill      XL: |  1  2  3  4 |
---------------+-------------+-----
Stealth        | 1 |  1.5
Polearms       | 4 |  4.2
Fighting       | |  3.6
Armour         | |  2.0
Dodging        | |  2.5

Action                   |  1- 3 |  4- 6 || total
-------------------------+-------+-------++-------
Melee: Spear             |   120 |    41 ||   161
       Punch             |     2 |     2 ||     4
       Unarmed           |       |    19 ||    19
Throw: Stone             |     2 |       ||     2
Invok: Berserk           |     1 |     1 ||     2
  Use: Scroll            |       |     5 ||     5
       Potion            |       |     2 ||     2
 Stab: Sleeping          |     4 |     1 ||     5
Armor: Animal skin       |    14 |     2 ||    16
       Scale mail        |       |    19 ||    19
Dodge: Dodged            |    57 |    42 ||    99

Table legend: (Time is in decaauts)
 A = Elapsed time spent in this place.
 B = Non-inter-level travel time spent in this place.
 C = Inter-level travel time spent in this place.
 D = Time resting spent in this place.
 E = Time spent auto-exploring this place.
 F = Levels seen in this place.
 G = Mean time per level.
                   A        B        C        D        E       F      G
               +--------+--------+--------+--------+--------+-----+--------+
         Total |   3165 |   2364 |    801 |    739 |   1128 |   3 | 1055.0 |
       Dungeon |   3165 |   2364 |    801 |    739 |   1128 |   3 | 1055.0 |
               +--------+--------+--------+--------+--------+-----+--------+

Top non-repeatable levels by time:
     D:1: 1270 daAuts
     D:2: 1210 daAuts
     D:3: 684 daAuts
